 Dungeon Crawl Stone Soup version 0.32-a0-42-ga30500b4d3 (webtiles) character file.

Game seed: 4278545760981169767

131 CraigForest the Ruffian (level 4, -2/52 HPs)
             Began as a Demigod Shapeshifter on Feb 2, 2024.
             Killed by divine providence
             ... invoked by an orc priest
              (16 damage)
             ... on level 3 of the Dungeon.
             The game lasted 00:05:53 (1799 turns).

CraigForest the Ruffian (Demigod Shapeshifter)      Turns: 1799, Time: 00:05:54

Health: -2/52      AC: 22    Str: 25    XL:     4   Next: 61%
Magic:  6/6        EV:  2    Int: 12    God:
Gold:   129        SH:  0    Dex: 13    Spells: 2/3 levels left

rFire   . .          .
                       - Unarmed
rCold   . . .        (no shield)
rNeg    . . .        g - melded +0 robe
rPois   +            (helmet currently unavailable)
rElec   .            (cloak currently unavailable)
rCorr   .            (gloves currently unavailable)
SInv    .            (boots currently unavailable)
Will    .....        (no amulet)
Stlth   +            i - +6 ring of strength
HPRegen 0.28/turn    (no ring)
MPRegen 0.10/turn

%: no passive effects
@: tree-form
A: stationary, stasis, torment immunity, boosted hp, high MP 1, forlorn, divine
attributes
a: no special abilities


You were on level 3 of the Dungeon.
You were a tree.
You visited 1 branch of the dungeon, and saw 3 of its levels.

You collected 129 gold pieces.

Inventory:

Armour
 a - a +0 animal skin
 g - a +0 robe (melded)
Jewellery
 i - a +6 ring of strength (left branch)
Talismans
 c - a beast talisman (active)
 d - a flux talisman
Scrolls
 e - a scroll of enchant armour
 h - a scroll of identify
 j - a scroll of revelation {unknown}
Potions
 f - a potion of brilliance {unknown}
 k - 2 potions of attraction {unknown}


   Skills:
 + Level 1.3 Fighting
 + Level 2.5 Dodging
 + Level 0.7 Stealth
 + Level 3.9 Unarmed Combat
 + Level 3.3 Shapeshifting


You had 2 spell levels left.
You knew the following spells:

 Your Spells              Type           Power      Damage    Failure   Level
a - Necrotise             Necr           0%         1d4       32%         1

Your spell library contained the following spells:

 Spells                   Type           Power      Damage    Failure   Level
 Vampiric Draining        Necr           0%         2d6       69%         3
 Martyr's Knell           Necr/Summ      0%         N/A       97%         4
 Curse of Agony           Necr           0%         N/A       100%        5


Dungeon Overview and Level Annotations

Branches:
Dungeon (3/15)

Shops:
D:3 *


Innate Abilities, Weirdness & Mutations

You are a tree.
Your roots penetrate the ground, keeping you stationary.
You cannot be teleported.
You are immune to unholy pain and torment.
Your maximum health is greatly increased.
Your equipment is partially melded.
You have an increased reservoir of magic. (+10% MP)
You shall have no god before yourself.
Your divine heritage dramatically boosts your attributes as you level up.


Message History

You are too injured to fight recklessly!
There are monsters nearby!
There are monsters nearby!
There are monsters nearby!
There are monsters nearby!
There are monsters nearby!
You are too injured to fight recklessly!
You are too injured to fight recklessly!
The orc attacks as it pursues you! The orc hits you with a +0 mace.
* * * LOW HITPOINT WARNING * * *
You hit the orc.
The orc is severely wounded.
The orc hits you with a +0 mace.
* * * LOW HITPOINT WARNING * * *
Your transformation has ended.
You turn into a tree.
Your +0 robe melds into your body.
Your roots penetrate the ground.
The orc hits you but does no damage.
You smack the orc!
You kill the orc!
You pummel the orc!!
You kill the orc!
You cannot move.
You cannot move.
You cannot move.
You cannot move.
You cannot move.
You pummel the orc!!
You kill the orc!
The orc priest casts a cantrip, but nothing happens.
You closely miss the orc. The orc hits you but does no damage.
You pummel the orc!!
You kill the orc!
You closely miss the orc priest.
The orc priest is heavily wounded.
The orc priest hits you but does no damage.
You barely miss the orc priest.
The orc priest is heavily wounded.
The orc priest calls down the wrath of Beogh upon you.
Beogh smites you!
You die...

...... ...#.. #.##.# #
#.##.# .# #.##†# ##.#
#.##.# ...# #####.#..##
...
###.........######.#.#.##
........#.#.....♣oo.....#
###.#####.########.#.#=.#
###.#####.####### ...
...†............# ##...
## ..........#####.#
###.. .. ###.####### #.#
# #.# #.# #.# ##.########
#.# #........<.


You could see an orc priest and an orc.

Vanquished Creatures
  Jessica (D:2)
  A gnoll (D:1)
  3 adders
  A dart slug (D:1)
  A ribbon worm (D:3)
  4 orcs (D:3)
  5 ball pythons
  10 bats
  2 endoplasms
  4 giant cockroaches (D:1)
  2 goblins
  2 hobgoblins (D:3)
  4 jackals (D:2)
  5 quokkas
  3 frilled lizards
  5 kobolds
  5 rats
58 creatures vanquished.

Notes
Turn   | Place    | Note
-------+----------+-------------------------------------------
     0 | D:1      | CraigForest the Demigod Shapeshifter began the quest for
                  | the Orb.
     0 | D:1      | Reached XP level 1. HP: 15/15 MP: 3/3
   116 | D:1      | Reached XP level 2. HP: 9/22 MP: 4/4
   212 | D:1      | Reached skill level 1 in Fighting
   567 | D:1      | Reached XP level 3. HP: 24/28 MP: 5/5
   713 | D:1      | Learned a level 1 spell: Necrotise
  1292 | D:2      | Noticed Jessica
  1309 | D:2      | Killed Jessica
  1310 | D:2      | Reached XP level 4. HP: 17/35 MP: 6/6
  1578 | D:3      | Found Gozag's Platinum Reserve.
  1799 | D:3      | Killed from afar by an orc priest

Illustrated notes

Levels and vault maps discovered:
D:1:      dpeg_arrival_renting, layout_basic, hangedman_decor_riveting,
          serial_park_tiny_1, minmay_tree_intersection
D:2:      layout_basic, basic_altar, uniq_jessica
D:3:      layout_loops_ring, mainiacjoe_overflow_alcove_2, lemuel_doored_altar,
          nicolae_gozag_zags_fifth_avenue, minivault_24, uniq_ijyb, uniq_natasha

Skill      XL: |  1  2 |
---------------+-------+-----
Unarmed Combat | 3 |  3.9
Shapeshifting  | 3 |  3.3
Fighting       | 1 |  1.3
Dodging        | 2 |  2.5
Stealth        | |  0.7

Action                     |  1- 3 |  4- 6 || total
---------------------------+-------+-------++-------
  Melee: Unarmed           |   149 |    36 ||   185
         Punch             |     2 |     1 ||     3
    Use: Scroll            |     2 |       ||     2
         Potion            |       |     1 ||     1
   Stab: Sleeping          |     1 |       ||     1
 Armour: Animal skin       |    11 |       ||    11
         Robe              |    72 |    21 ||    93
         Skin              |       |     3 ||     3
  Dodge: Dodged            |   111 |    15 ||   126
   Form: Beast             |     1 |       ||     1

Table legend: (Time is in decaauts)
 A = Elapsed time spent in this place.
 B = Non-inter-level travel time spent in this place.
 C = Inter-level travel time spent in this place.
 D = Time resting spent in this place.
 E = Time spent auto-exploring this place.
 F = Levels seen in this place.
 G = Mean time per level.
                   A        B        C        D        E       F      G
               +--------+--------+--------+--------+--------+-----+--------+
         Total |   1787 |   1759 |     28 |      0 |   1287 |   3 |  595.7 |
       Dungeon |   1787 |   1759 |     28 |      0 |   1287 |   3 |  595.7 |
               +--------+--------+--------+--------+--------+-----+--------+

Top non-repeatable levels by time:
     D:1: 804 daAuts
     D:2: 765 daAuts
     D:3: 218 daAuts
